 Dungeon Crawl Stone Soup version 0.29.1-1-gd02db6906a (webtiles) character file.

Game seed: 13773981447068183349

3805 EvilAshe the Cleaver (level 9, -10/81 HPs)
             Began as a Minotaur Berserker on Sept 22, 2022.
             Was a High Priest of Trog.
             Mangled by an orc warlord
             ... wielding a +6 broad axe
              (27 damage)
             ... in a bailey.
             The game lasted 00:18:47 (7521 turns).

EvilAshe the Cleaver (Minotaur Berserker)           Turns: 7521, Time: 00:18:47

Health: -10/81     AC: 17    Str: 26    XL:     9   Next: 96%
Magic:  8/8        EV:  8    Int:  4    God:    Trog [*****.]
Gold:   495        SH:  0    Dex: 10    Spells: 8/8 levels left

rFire   . . .      SeeInvis .   M - +0 war axe
rCold   . . .      Faith    +   (no shield)
rNeg    . . .      Spirit   .   L - +0 plate armour
rPois   +          Reflect  .   (helmet restricted)
rElec   .          Harm     .   (no cloak)
rCorr   .          Rampage  .   (no gloves)
Will    ++...                   (no boots)
Stlth   ..........              l - amulet of faith
HPRegen 1.23/turn               y - +4 ring of protection
MPRegen 0.11/turn               A - ring of poison resistance

@: strong-willed, on berserk cooldown, regenerating, hasted and slowed
A: horns 2, retaliatory headbutt
a: Renounce Religion, Berserk, Trog's Hand, Brothers in Arms


You were in a bailey.
You worshipped Trog.
Trog was extremely pleased with you.
You visited 1 branch of the dungeon, and saw 8 of its levels.
You also visited: Sewer and Bailey.

You collected 495 gold pieces.

Inventory:

Hand Weapons
 G - a +0 hand axe of flaming
 M - a +0 war axe (weapon)
Missiles
 e - 71 stones
 k - 13 poisoned darts (quivered)
 m - 20 boomerangs
 r - 5 curare-tipped darts
 w - 4 silver javelins
Armour
 L - a +0 plate armour (worn)
Jewellery
 l - an amulet of faith (around neck)
 y - a +4 ring of protection (left hand)
 A - a ring of poison resistance (right hand)
 E - a ring of see invisible
 H - an amulet of magic regeneration
Wands
 c - a wand of mindburst (6)
 n - a wand of quicksilver (15)
 I - a wand of polymorph (3)
 K - a wand of paralysis (13)
Scrolls
 f - 4 scrolls of teleportation
 h - a scroll of butterflies {unknown}
 j - a scroll of blinking
 p - a scroll of brand weapon {unknown}
 t - a scroll of amnesia {unknown}
 u - 4 scrolls of fear
 v - 4 scrolls of enchant armour
 C - a scroll of noise {unknown}
 F - 2 scrolls of magic mapping
 J - a scroll of immolation {unknown}
Potions
 b - 2 potions of magic
 d - 4 potions of mutation {unknown}
 g - 2 potions of lignification
 i - a potion of invisibility {unknown}
 o - a potion of might {unknown}
 q - a potion of flight {unknown}
 s - 3 potions of curing
 x - 2 potions of attraction {unknown}
 z - 2 potions of cancellation
 B - a potion of brilliance {unknown}
 D - a potion of haste


   Skills:
 + Level 8.2 Fighting
 + Level 14.1 Axes
 + Level 7.2 Armour
 - Level 2.1 Dodging


You had 8 spell levels left.
You didn't know any spells.
Your spell library was empty.

Dungeon Overview and Level Annotations

Branches:
Dungeon (8/15)             Temple (0/1) D:4           Sewer (visited)
 Bailey (1/1)
   Lair: D:8-11

Altars:
Cheibriados
Dithmenos
Gozag
Hepliaklqana
Nemelex Xobeh
Qazlal
Ru
Sif Muna
Wu Jian
Yredelemnul

Shops:
D:3 =

Annotations:
D:5 2 transporters, fridis's ghost, novice MiFi
D:6 2 runed translucent doors, MisterFreud's ghost, novice GnWn


Innate Abilities, Weirdness & Mutations

You have a pair of horns on your head.
You reflexively headbutt those who attack you in melee.


Message History

The orc warlord hits you with a +6 broad axe!
You slash the orc warlord!
The orc warlord is heavily wounded.
You slash the orc warlord!
The orc warlord is severely wounded.
You are no longer berserk.
You are exhausted.
You feel yourself slow down.
The orc warlord hits you with a +6 broad axe.
You slash the orc warlord!
The orc warlord is severely wounded.
The orc warlord hits you with a +6 broad axe!
You hit the orc warlord but do no damage.
You punch the orc warlord, but do no damage.
The orc warlord is severely wounded.
The orc warlord splashes around in the water.
You hit the orc warlord but do no damage.
You headbutt the orc warlord.
The orc warlord is almost dead.
The orc warlord splashes around in the water. x2
You closely miss the orc warlord.
The orc warlord is severely wounded.
The orc warlord hits you but does no damage.
You hit the orc warlord.
The orc warlord is almost dead.
The orc warlord hits you with a +6 broad axe!
Your skin crawls.
You feel strong-willed.
The orc warlord splashes around in the water.
You feel yourself speed up.
The orc warlord hits you with a +6 broad axe!!
The orc warlord splashes around in the water.
You hit the orc warlord.
The orc warlord is almost dead.
The orc warlord hits you with a +6 broad axe!
* * * LOW HITPOINT WARNING * * *
You hit the orc warlord. You headbutt the orc warlord.
The orc warlord is almost dead.
The orc warlord hits you with a +6 broad axe!!
You die...

#..........#~~~~~#......
#..........'.....'....8.
#...8......#########....
##......####~~~#~~~##...
##.....#~~#~.....[~#...
##....#~........!~#...
#.).##~8.8...8.8##...
#.).')~.........#....
#...@o~(...∩....#....
#†).'~~.........#....
#...##~8.8...8.8##...
##....#~........!o#.))
##.....#~~#~....."~#.÷)
##......####~~~#~~~##.))
#)..8......#########)...
#........))'[....'....8.
#..........#~~~~~#......


You could see an orc warlord.

Vanquished Creatures
  A mana viper (Bailey)
  A hornet (D:6)
  A steam dragon (D:8)
  2 water moccasins (D:6)
  6 orc warriors
  2 sky beasts
  Pargi (Sewer)
  A black bear (D:4)
  An ogre (D:5)
  A centaur (D:7)
  A kobold brigand (D:6)
  3 bullfrogs
  A necrophage (D:6)
  3 scorpions
  3 hounds
  3 gnoll boudas
  2 orc priests
  4 jellies
  8 iguanas
  5 orc wizards
  Natasha (thrice) (D:3)
  22 gnolls
  10 adders
  3 ufetubi
  5 dart slugs
  22 orcs
  7 endoplasms
  7 giant cockroaches
  17 goblins
  7 hobgoblins
  A jackal (D:4)
  14 quokkas
  8 ball pythons
  8 bats
  5 frilled lizards
  21 kobolds
  5 rats
215 creatures vanquished.

Notes
Turn   | Place    | Note
-------+----------+-------------------------------------------
     0 | D:1      | EvilAshe the Minotaur Berserker began the quest for the
                  | Orb.
     0 | D:1      | Reached XP level 1. HP: 19/19 MP: 0/0
    60 | D:1      | Reached skill level 4 in Axes
   386 | D:1      | Reached XP level 2. HP: 26/26 MP: 1/1
   895 | D:1      | Reached skill level 5 in Axes
   985 | D:1      | Reached XP level 3. HP: 27/31 MP: 2/2
  1231 | D:1      | Reached ** piety under Trog
  1369 | D:1      | Found a faded altar of an unknown god.
  1983 | D:3      | Found Ceoshoim's Jewellery Shop.
  2016 | D:3      | Reached skill level 6 in Axes
  2016 | D:3      | Reached XP level 4. HP: 39/39 MP: 3/3
  2279 | D:3      | Noticed Natasha
  2291 | D:3      | Killed Natasha
  2373 | D:4      | Noticed a scorpion
  2380 | D:4      | Killed a scorpion
  2381 | D:4      | Reached skill level 7 in Axes
  2381 | D:4      | Reached XP level 5. HP: 45/45 MP: 4/4
  2467 | D:4      | Found a glowing drain.
  2488 | D:4      | Reached *** piety under Trog
  2491 | Sewer    | Entered a sewer
  2651 | Sewer    | Noticed Pargi
  2657 | Sewer    | Killed Pargi
  2658 | Sewer    | Reached skill level 8 in Axes
  2658 | Sewer    | Reached XP level 6. HP: 51/51 MP: 5/5
  2767 | D:3      | Noticed Natasha
  2773 | D:3      | Killed Natasha
  2779 | D:3      | Noticed Natasha
  2789 | D:3      | Killed Natasha
  2828 | D:4      | Found an opulent altar of Gozag.
  2828 | D:4      | Found a hazy altar of Hepliaklqana.
  2828 | D:4      | Found a shimmering blue altar of Sif Muna.
  2828 | D:4      | Found a shadowy altar of Dithmenos.
  3251 | D:4      | Reached skill level 9 in Axes
  3323 | D:4      | Found a stormy altar of Qazlal.
  3323 | D:4      | Found a sacrificial altar of Ru.
  3524 | D:4      | Found a staircase to the Ecumenical Temple.
  3592 | D:5      | Entered Level 5 of the Dungeon
  3600 | D:5      | Reached XP level 7. HP: 51/57 MP: 6/6
  3719 | D:4      | Reached skill level 10 in Axes
  3799 | D:5      | Found a transporter.
  3801 | D:5      | Noticed fridis's ghost (novice MiFi)
  3804 | D:5      | Noticed a gargoyle
  4152 | D:4      | Reached **** piety under Trog
  4180 | D:4      | Reached skill level 11 in Axes
  4577 | D:5      | Reached XP level 8. HP: 64/64 MP: 7/7
  4603 | D:5      | Reached skill level 12 in Axes
  5230 | D:5      | Found a transporter.
  5288 | D:6      | Found a sparkling altar of Nemelex Xobeh.
  5504 | D:6      | Reached skill level 13 in Axes
  5888 | D:6      | Noticed a hornet
  5898 | D:6      | Killed a hornet
  5899 | D:6      | Reached skill level 5 in Fighting
  5899 | D:6      | Reached XP level 9. HP: 74/74 MP: 8/8
  5999 | D:6      | Identified the +7 short sword "Hont" {antimagic, Fly rElec
                  | rPois}
  6088 | D:6      | Found a large runed translucent door.
  6088 | D:6      | Found a large runed translucent door.
  6098 | D:6      | Noticed MisterFreud's ghost (novice GnWn)
  6503 | D:7      | Reached skill level 5 in Armour
  6519 | D:7      | Found an ornate altar of the Wu Jian Council.
  6759 | D:7      | Found a snail-covered altar of Cheibriados.
  6759 | D:7      | Found a basalt altar of Yredelemnul.
  7159 | D:8      | Found a flagged portal.
  7181 | Bailey   | Entered a bailey
  7186 | Bailey   | Noticed an orc warlord
  7227 | Bailey   | Noticed an orc knight
  7237 | Bailey   | Noticed a mana viper
  7237 | Bailey   | an orc knight changed into a mana viper
  7245 | Bailey   | Killed a mana viper
  7246 | Bailey   | Reached skill level 14 in Axes
  7252 | Bailey   | Reached ***** piety under Trog
  7318 | Bailey   | Found a runed translucent gate.
  7319 | Bailey   | Found a runed translucent gate.
  7325 | Bailey   | Found a runed translucent gate.
  7521 | Bailey   | Mangled by an orc warlord

Illustrated notes

Levels and vault maps discovered:
D:1:      dpeg_arrival_stone_temple_mockup, layout_loops_ring,
          shapermc_ecumenical_altar_mp_vishouse
D:2:      layout_loops_ring, kennysheep_generic_room_15
D:3:      layout_basic, serial_shops, nicolae_shop_stone, uniq_natasha
D:4:      minmay_octagon_keep, layout_cave_pods, grunt_temple_overflow_open,
          minmay_temple_entry_overgrown, gup_sewer_entry_pipe,
          hangedman_feature_mirror
D:5:      layout_layer_cave, gammafunk_ghost_arena, kennysheep_generic_room_12
D:6:      layout_loops_ring, lemuel_doored_altar, ebering_ghost_disaster_area,
          minivault_22
D:7:      layout_loops_ring, gammafunk_temple_overflow_elements,
          nicolae_wu_jian_wuxing_cycle
D:8:      nicolae_whirlpool, layout_basic, marbit_many_paths, enter_bailey_4,
          uniq_pikel
Bailey:   bailey_axe_bossmonster_kennysheep, bailey

Skill      XL: |  1  2  3  4  5  6  7  8  9 |
---------------+----------------------------+-----
Axes           | 4 5 6 7 8 9 11 13 14 | 14.1
Fighting       | 5 8 |  8.2
Armour         | 4 7 |  7.2
Dodging        | |  2.1

Action                   |  1- 3 |  4- 6 |  7- 9 || total
-------------------------+-------+-------+-------++-------
Melee: Hand axe          |    87 |   160 |   300 ||   547
       Headbutt          |    11 |    18 |    65 ||    94
       Punch             |       |       |     8 ||     8
       War axe           |       |       |    33 ||    33
Throw: Javelin           |       |       |     4 ||     4
       Dart              |       |       |     5 ||     5
Invok: Berserk           |       |     4 |    10 ||    14
       Trog's Hand       |       |     3 |     4 ||     7
Evoke: Wand              |       |       |     8 ||     8
  Use: Scroll            |       |     3 |     8 ||    11
       Potion            |       |       |     1 ||     1
 Stab: Sleeping          |     1 |       |       ||     1
Armor: Animal skin       |    11 |       |       ||    11
       Chain mail        |     9 |    81 |   133 ||   223
       Plate armour      |       |       |    29 ||    29
Dodge: Dodged            |    60 |    46 |   112 ||   218
